AoeStats
← RickSteel2

Arabia

510870495Analyzed
1v1 RM · 23h ago on Oct 2, 2026· 41m 19s· 2 players
Game mode
Random Map
Map size
Tiny (2 player)
Population
200
Speed
Normal
Resources
Standard
Victory
Conquest
Starting age
Dark Age
Ending age
Imperial Age
RankedLock teamsTeams togetherTeam positionsShared explorationLock speedFull tech treeHidden civsTurbo modeCheats
Victory
Defeat
🇺🇸 Mongols · United States
712
+17
🇺🇸 Vikings · United States
727
-17
RickSteel2
6:39 Loom
9:41 Feudal Age
10:23 Double-Bit Axe
16:40 Horse Collar
17:57 Wheelbarrow
19:00 Fletching
20:01 Gold Mining
23:11 Castle Age
23:52 Bodkin Arrow
24:00 Padded Archer Armor
25:33 Gold Shaft Mining
26:57 Leather Archer Armor
27:32 Bow Saw
29:02 Hand Cart
28:49 Stone Mining
29:54 Husbandry
30:52 Stone Shaft Mining
36:21 Imperial Age
35:03 Ballistics
34:39 Murder Holes
35:10 Heavy Plow
35:20 Light Cavalry
36:10 Bloodlines
37:27 Conscription
37:25 Capped Ram
37:33 Hussar
38:59 Bracer
39:05 Scale Barding Armor
bobpfef
0:57 Loom
11:06 Feudal Age
12:17 Double-Bit Axe
12:44 Horse Collar
18:36 Man-at-Arms
19:02 Arson
24:11 Castle Age
22:18 Gold Mining
22:51 Fletching
23:02 Scale Mail Armor
24:15 Pikeman
24:16 Long Swordsman
25:09 Bow Saw
25:06 Heavy Plow
27:50 Squires
29:13 Stone Mining
30:52 Chain Mail Armor
30:48 Forging
30:39 Padded Archer Armor
31:08 Elite Skirmisher
35:15 Leather Archer Armor
34:56 Bodkin Arrow
34:52 Town Watch
36:45 Chieftains
39:21 Imperial Age
37:37 Chieftains
39:21 Masonry
40:37 Conscription
40:18 Capped Ram
Connection lost

Rejoining the realm…

Still unreachable

The connection could not be restored.

Session expired

The server has moved on; the page needs a fresh start.